NCAA
VIRGINIA TECH HOKIES @ IOWA STATE CYCLONES
05/11/2030
 
TOP OF THE 1ST
Virginia Tech Hokies batting - Pitching for Iowa State Cyclones : RHP Ray Reyes
Pitching: RHP Ray Reyes
Batting: LHB David Ortega 0-0: Foul Ball, location: 2F
0-1: Bunt for hit - play at first, batter OUT! 1-3
Batting: SHB Daniel Lee 0-0: Called Strike
0-1: Called Strike
0-2: Strikes out swinging
Batting: RHB Eric Clay 0-0: Called Strike
0-1: Foul Ball, location: 2F
0-2: Foul Ball, location: 2F
0-2: Strikes out swinging
Top of the 1st over - 0 runs, 0 hits, 0 errors, 0 left on base; Virginia Tech 0 - Iowa State 0
BOTTOM OF THE 1ST
Iowa State Cyclones batting - Pitching for Virginia Tech Hokies : RHP Juan Flores
Pitching: RHP Juan Flores
Batting: LHB Andrew Chambers 0-0: Ball
1-0: Ball
2-0: Called Strike
2-1: Ground out 6-3 (Groundball, 6)
Batting: LHB Marty Gómez 0-0: Called Strike
0-1: Ball
1-1: Ball
2-1: Ball
3-1: Called Strike
3-2: Base on Balls
Batting: LHB Alberto Paz 0-0: Ball
1-0: Ground out 6-3 (Groundball, 56D)
Marty Gómez to second
Batting: RHB Danny Gilbert 0-0: Ball
1-0: Foul Ball, location: 2F
1-1: Ball
2-1: Ground out U3 (Groundball, 34)
Bottom of the 1st over - 0 runs, 0 hits, 0 errors, 1 left on base; Virginia Tech 0 - Iowa State 0
TOP OF THE 2ND
Virginia Tech Hokies batting - Pitching for Iowa State Cyclones : RHP Ray Reyes
Batting: RHB Dusty Green 0-0: Called Strike
0-1: Called Strike
0-2: Ground out 4-3 (Groundball, 4)
Batting: LHB Ben Webb 0-0: Ball
1-0: Fly out, F6 (Popup, P)
Batting: RHB Octávio Ramérez 0-0: Foul Ball, location: 2F
0-1: Ball
1-1: Ball
2-1: Foul Ball, location: 2F
2-2: Strikes out swinging
Top of the 2nd over - 0 runs, 0 hits, 0 errors, 0 left on base; Virginia Tech 0 - Iowa State 0
BOTTOM OF THE 2ND
Iowa State Cyclones batting - Pitching for Virginia Tech Hokies : RHP Juan Flores
Batting: LHB Dale González 0-0: Hit by Pitch
Batting: SHB Octávio Longoria 0-0: SINGLE (Line Drive, 78S)
Dale González to second
Batting: RHB Jimmy Stokes 0-0: Ball
1-0: Swinging Strike
1-1: Ball
2-1: Foul Ball, location: 2F
2-2: Strikes out looking
Batting: LHB Chris Samuels 0-0: Called Strike
0-1: Foul Ball, location: 2F
0-2: Fly out, F9 (Flyball, 9LMF)
Batting: RHB Ollie Johnson 0-0: Ball
1-0: Called Strike
1-1: Called Strike
1-2: Ball
2-2: Foul Ball, location: 2F
2-2: Ball
3-2: Base on Balls
Dale González to third
Octávio Longoria to second
Batting: LHB Andrew Chambers 0-0: Ball
1-0: Foul Ball, location: 2F
1-1: Ball
2-1: Foul Ball, location: 2F
2-2: Ball
3-2: Foul Ball, location: 2F
3-2: Fly out, F9 (Flyball, 9S)
Bottom of the 2nd over - 0 runs, 1 hit, 0 errors, 3 left on base; Virginia Tech 0 - Iowa State 0
TOP OF THE 3RD
Virginia Tech Hokies batting - Pitching for Iowa State Cyclones : RHP Ray Reyes
Batting: RHB Jake Holmes 0-0: Called Strike
0-1: Foul Ball, location: 2F
0-2: Ball
1-2: Strikes out looking
Batting: SHB Junior Campbell 0-0: Called Strike
0-1: Foul Ball, location: 2F
0-2: Ball
1-2: Strikes out swinging
Batting: RHB Tim Wise 0-0: Ground out 6-3 (Groundball, 6)
Top of the 3rd over - 0 runs, 0 hits, 0 errors, 0 left on base; Virginia Tech 0 - Iowa State 0
BOTTOM OF THE 3RD
Iowa State Cyclones batting - Pitching for Virginia Tech Hokies : RHP Juan Flores
Batting: LHB Marty Gómez 0-0: Called Strike
0-1: Ball
1-1: Foul Ball, location: 2F
1-2: Fly out, F9 (Line Drive, 9LD)
Batting: LHB Alberto Paz 0-0: Foul Ball, location: 2F
0-1: Foul Ball, location: 2F
0-2: SINGLE (Flyball, 78S)
Batting: RHB Danny Gilbert 0-0: Ball
1-0: Ball
2-0: 2-RUN HOME RUN (Flyball, 7LD), Distance : 319 ft
Batting: LHB Dale González 0-0: Called Strike
0-1: Ground out 4-3 (Groundball, 4)
Batting: SHB Octávio Longoria 0-0: Ball
1-0: Swinging Strike
1-1: DOUBLE (Line Drive, 89D)
Batting: RHB Jimmy Stokes 0-0: Foul Ball, location: 2F
0-1: Ball
1-1: SINGLE (Line Drive, 56)
Octávio Longoria to third
Runner from 3rd tries for Home, SAFE, throw made home
Batting: LHB Chris Samuels 0-0: DOUBLE (Flyball, 8LXD)
Jimmy Stokes to third
Runner from 3rd tries for Home, SAFE, no throw
Batting: RHB Ollie Johnson 0-0: Foul Ball, location: 2F
0-1: Ball
1-1: Swinging Strike
1-2: Foul Ball, location: 2F
Balk!
Chris Samuels to third
1-2: Ball
2-2: 2-RUN HOME RUN (Flyball, 7D), Distance : 347 ft
Batting: LHB Andrew Chambers 0-0: Ball
1-0: SOLO HOME RUN (Line Drive, 9LD), Distance : 345 ft
Batting: LHB Marty Gómez 0-0: Called Strike
0-1: Ball
1-1: Swinging Strike
1-2: Strikes out swinging
Bottom of the 3rd over - 7 runs, 7 hits, 0 errors, 0 left on base; Virginia Tech 0 - Iowa State 7
TOP OF THE 4TH
Virginia Tech Hokies batting - Pitching for Iowa State Cyclones : RHP Ray Reyes
Batting: LHB David Ortega 0-0: Ball
1-0: Called Strike
1-1: Swinging Strike
1-2: Ball
2-2: Foul Ball, location: 2F
2-2: Strikes out swinging
Batting: SHB Daniel Lee 0-0: Foul Ball, location: 2F
0-1: Swinging Strike
0-2: Ball
1-2: Strikes out swinging
Batting: RHB Eric Clay 0-0: Called Strike
0-1: Ball
1-1: Called Strike
1-2: Ball
2-2: Ball
3-2: Base on Balls
Batting: RHB Dusty Green 0-0: Called Strike
0-1: Ball
1-1: Foul Ball, location: 2F
1-2: Strikes out swinging
Top of the 4th over - 0 runs, 0 hits, 0 errors, 1 left on base; Virginia Tech 0 - Iowa State 7
BOTTOM OF THE 4TH
Iowa State Cyclones batting - Pitching for Virginia Tech Hokies : RHP Juan Flores
Batting: LHB Alberto Paz 0-0: Ball
1-0: SINGLE (Line Drive, 7S)
Batting: RHB Danny Gilbert 0-0: Ball
1-0: Called Strike
Alberto Paz is caught stealing 2nd base
1-1: Swinging Strike
1-2: Fly out, F4 (Line Drive, 4M)
Now at 2B: Ted Stout
Batting: LHB Dale González 0-0: Foul Ball, location: 2F
0-1: Ground out 4-3 (Groundball, 4)
Bottom of the 4th over - 0 runs, 1 hit, 0 errors, 0 left on base; Virginia Tech 0 - Iowa State 7
TOP OF THE 5TH
Virginia Tech Hokies batting - Pitching for Iowa State Cyclones : RHP Ray Reyes
Batting: LHB Ben Webb 0-0: Swinging Strike
0-1: Foul Ball, location: 2F
0-2: Ball
1-2: Strikes out swinging
Batting: RHB Octávio Ramérez 0-0: Called Strike
0-1: Swinging Strike
0-2: Ball
1-2: Strikes out swinging
Batting: RHB Ted Stout 0-0: Called Strike
0-1: Swinging Strike
0-2: Ball
1-2: Ball
2-2: Ball
3-2: Strikes out swinging
Top of the 5th over - 0 runs, 0 hits, 0 errors, 0 left on base; Virginia Tech 0 - Iowa State 7
BOTTOM OF THE 5TH
Iowa State Cyclones batting - Pitching for Virginia Tech Hokies : RHP Juan Flores
Batting: SHB Octávio Longoria 0-0: Foul Ball, location: 2F
0-1: Ball
1-1: Ground out U3 (Groundball, 3L)
Pitching: RHP Carlos Morán
Batting: RHB Jimmy Stokes 0-0: Ball
1-0: Ball
2-0: Called Strike
2-1: Foul Ball, location: 2F
2-2: Ground out 5-3 (Groundball, 56S)
Batting: LHB Chris Samuels 0-0: Ball
1-0: Ball
2-0: Foul Ball, location: 2F
2-1: Swinging Strike
2-2: Ball
3-2: Strikes out swinging
Bottom of the 5th over - 0 runs, 0 hits, 0 errors, 0 left on base; Virginia Tech 0 - Iowa State 7
TOP OF THE 6TH
Virginia Tech Hokies batting - Pitching for Iowa State Cyclones : RHP Ray Reyes
Batting: SHB Junior Campbell 0-0: Ball
1-0: Swinging Strike
1-1: Fly out, F9 (Flyball, 9D)
Batting: RHB Tim Wise 0-0: DOUBLE (Flyball, 89D)
Batting: LHB David Ortega 0-0: Foul Ball, location: 2F
0-1: Ball
1-1: Called Strike
1-2: Strikes out swinging
Batting: SHB Daniel Lee 0-0: Ball
1-0: SINGLE (Groundball, 4MD)
Tim Wise to third
Runner from 3rd tries for Home, SAFE, no throw
Batting: RHB Eric Clay 0-0: Ground out 6-3 (Groundball, 6M)
Top of the 6th over - 1 run, 2 hits, 0 errors, 1 left on base; Virginia Tech 1 - Iowa State 7
BOTTOM OF THE 6TH
Iowa State Cyclones batting - Pitching for Virginia Tech Hokies : RHP Carlos Morán
Batting: RHB Ollie Johnson 0-0: SINGLE (Line Drive, 4MD)
Batting: LHB Andrew Chambers 0-0: Ball
1-0: Ball
2-0: Ball
3-0: Called Strike
3-1: Called Strike
3-2: Foul Ball, location: 2F
3-2: Base on Balls
Ollie Johnson to second
Batting: LHB Marty Gómez 0-0: Ball
1-0: Ball
2-0: Grounds into double play, 4-6-3 (Groundball, 4D)
Ollie Johnson to third
Batting: LHB Alberto Paz 0-0: Ball
1-0: Foul Ball, location: 2F
1-1: Ground out 6-3 (Groundball, 6M)
Bottom of the 6th over - 0 runs, 1 hit, 0 errors, 1 left on base; Virginia Tech 1 - Iowa State 7
TOP OF THE 7TH
Virginia Tech Hokies batting - Pitching for Iowa State Cyclones : RHP Ray Reyes
Batting: RHB Dusty Green 0-0: Ball
1-0: Called Strike
1-1: Ball
2-1: Ball
3-1: Called Strike
3-2: Ground out 4-3 (Groundball, 4)
Batting: LHB Ben Webb 0-0: Foul Ball, location: 2F
0-1: Ball
1-1: Ball
2-1: Foul Ball, location: 2F
2-2: Strikes out looking
Batting: RHB Octávio Ramérez 0-0: Fly out, F9 (Line Drive, 9)
Top of the 7th over - 0 runs, 0 hits, 0 errors, 0 left on base; Virginia Tech 1 - Iowa State 7
BOTTOM OF THE 7TH
Iowa State Cyclones batting - Pitching for Virginia Tech Hokies : RHP Carlos Morán
Batting: RHB Danny Gilbert 0-0: Ball
1-0: Ball
2-0: Ball
3-0: Called Strike
3-1: Called Strike
3-2: Foul Ball, location: 2F
3-2: SINGLE (Line Drive, 89S)
Batting: LHB Dale González 0-0: Called Strike
0-1: Swinging Strike
0-2: Ball
1-2: SINGLE (Line Drive, 89S)
Danny Gilbert to second
Batting: SHB Octávio Longoria 0-0: Called Strike
0-1: Ground out 5-3 (Groundball, 5S)
Danny Gilbert to third
Dale González to second
Batting: RHB Jimmy Stokes 0-0: Ball
1-0: Called Strike
1-1: Swinging Strike
1-2: Ball
2-2: Ball
3-2: Foul Ball, location: 2F
3-2: Strikes out swinging
Batting: LHB Chris Samuels 0-0: Ball
1-0: Called Strike
1-1: Foul Ball, location: 2F
1-2: Strikes out looking
Bottom of the 7th over - 0 runs, 2 hits, 0 errors, 2 left on base; Virginia Tech 1 - Iowa State 7
TOP OF THE 8TH
Virginia Tech Hokies batting - Pitching for Iowa State Cyclones : RHP Ray Reyes
Pitching: RHP Alan Mobley
Batting: RHB Ted Stout 0-0: Fly out, F8 (Flyball, 8RD)
Batting: SHB Junior Campbell 0-0: Ball
1-0: Called Strike
1-1: Called Strike
1-2: Ball
2-2: Ball
3-2: Foul Ball, location: 2F
3-2: Strikes out swinging
Batting: RHB Tim Wise 0-0: Ball
1-0: Fly out, F8 (Flyball, 8LS)
Top of the 8th over - 0 runs, 0 hits, 0 errors, 0 left on base; Virginia Tech 1 - Iowa State 7
BOTTOM OF THE 8TH
Iowa State Cyclones batting - Pitching for Virginia Tech Hokies : RHP Carlos Morán
Batting: RHB Ollie Johnson 0-0: Ball
1-0: Ball
2-0: Foul Ball, location: 2F
2-1: Ball
3-1: Fly out, F4 (Popup, 4M)
Batting: LHB Andrew Chambers 0-0: Ball
1-0: Ball
2-0: Ball
3-0: Base on Balls
Pitching: RHP Bill Dickerson
Batting: LHB Marty Gómez 0-0: Ball
1-0: Ground out 4-3 (Groundball, 34)
Andrew Chambers to second
Batting: LHB Alberto Paz 0-0: Ball
1-0: Swinging Strike
1-1: Ball
2-1: Foul Ball, location: 2F
2-2: Ball
3-2: Strikes out swinging
Bottom of the 8th over - 0 runs, 0 hits, 0 errors, 1 left on base; Virginia Tech 1 - Iowa State 7
TOP OF THE 9TH
Virginia Tech Hokies batting - Pitching for Iowa State Cyclones : RHP Alan Mobley
Now at 3B: Johnny Matthews
Batting: LHB David Ortega 0-0: SINGLE (Groundball, 34D)
Batting: SHB Daniel Lee 0-0: Ball
1-0: Foul Ball, location: 2F
1-1: Ball
2-1: Foul Ball, location: 2F
2-2: Ball
3-2: Foul Ball, location: 2F
3-2: Foul Ball, location: 2F
3-2: Base on Balls
David Ortega to second
Batting: RHB Eric Clay 0-0: Grounds into double play, 5-4-3 (Groundball, 56)
David Ortega to third
Batting: RHB Dusty Green 0-0: Called Strike
0-1: Ball
1-1: Ball
2-1: Foul Ball, location: 2F
2-2: Ball
3-2: Ground out U3 (Groundball, 3)
Top of the 9th over - 0 runs, 1 hit, 0 errors, 1 left on base; Virginia Tech 1 - Iowa State 7
Saturday, April 7th, 2018 - OOTP Baseball 18.8 Build 76